AoeStats
← Snowball_33

Hideout

503188596Analyzed
4v4 RM · 2mo ago on Aug 30, 2026· 50m 26s· 8 players
Game mode
Random Map
Map size
Large (8 player)
Population
200
Speed
Normal
Resources
Standard
Victory
Conquest
Starting age
Dark Age
Ending age
Imperial Age
RankedLock teamsTeams togetherTeam positionsShared explorationLock speedFull tech treeHidden civsTurbo modeCheats
Victory
Defeat
🇦🇹 Khmer · Austria
1095
+15
🇬🇧 Bohemians · United Kingdom
1056
+17
🇧🇷 Aztecs · Brazil
1008
+19
🇲🇿 Huns · Mozambique
992
+20
vs
🇨🇦 Persians · Canada
1110
-19
🇦🇷 Magyars · Argentina
1089
-18
🇨🇦 Slavs · Canada
1062
-17
🇦🇷 Maya · Argentina
1059
-17
Infekma
5:31 Loom
12:40 Feudal Age
18:25 Castle Age
16:19 Double-Bit Axe
16:39 Horse Collar
17:09 Padded Archer Armor
21:22 Elite Skirmisher
22:08 Fletching
24:23 Chemistry
25:13 Wheelbarrow
31:13 Hand Cart
31:56 Leather Archer Armor
33:43 Town Watch
39:57 Imperial Age
44:18 Elite Skirmisher
Snowball_33
8:21 Loom
10:36 Feudal Age
12:22 Loom
15:21 Castle Age
14:03 Double-Bit Axe
14:01 Horse Collar
16:46 Bow Saw
17:25 Bloodlines
17:48 Husbandry
22:19 Scale Barding Armor
22:25 Forging
24:54 Iron Casting
25:42 Fletching
27:41 Wheelbarrow
30:07 Chain Barding Armor
31:05 Heavy Plow
33:12 Hand Cart
40:46 Imperial Age
40:26 Bodkin Arrow
41:29 Cavalier
42:54 Conscription
42:02 Light Cavalry
43:36 Plate Barding Armor
43:36 Padded Archer Armor
44:09 Elite Skirmisher
45:08 Bracer
45:50 Hussar
46:58 Leather Archer Armor
47:14 Ballistics
48:39 Blast Furnace
48:14 Ring Archer Armor
49:29 Chemistry
52:05 Blast Furnace
Jairzin
12:57 Feudal Age
13:42 Double-Bit Axe
13:39 Horse Collar
18:25 Castle Age
16:41 Stone Mining
18:53 Gold Mining
19:40 Bow Saw
19:34 Heavy Plow
22:29 Loom
28:46 Gold Shaft Mining
29:10 Squires
29:04 Arson
29:54 Forging
29:45 Scale Mail Armor
33:27 Imperial Age
31:32 Wheelbarrow
31:56 Iron Casting
32:41 Chain Mail Armor
32:17 Fletching
32:47 Treadmill Crane
33:27 Elite Jaguar Warrior
34:30 Conscription
34:57 Garland Wars
35:19 Stone Shaft Mining
34:55 Siege Engineers
36:32 Hand Cart
37:56 Blast Furnace
37:36 Plate Mail Armor
43:34 Bodkin Arrow
48:47 Pikeman
Anti_Moz-Diablo
0:30 Loom
25:44 Feudal Age
27:29 Horse Collar
28:13 Forging
28:04 Scale Mail Armor
27:46 Man-at-Arms
28:58 Gold Mining
36:33 Wheelbarrow
40:44 Castle Age
39:00 Town Watch
40:40 Double-Bit Axe
41:50 Hand Cart
43:01 Stone Mining
43:26 Bow Saw
51:06 Gold Shaft Mining
Datomminator
1:45 Loom
Demonchild
0:49 Loom
11:06 Feudal Age
12:50 Man-at-Arms
15:47 Horse Collar
20:04 Castle Age
19:09 Forging
19:39 Scale Mail Armor
20:15 Long Swordsman
21:43 Double-Bit Axe
22:38 Iron Casting
22:02 Pikeman
24:12 Wheelbarrow
24:28 Chain Mail Armor
24:52 Heavy Plow
32:38 Gold Mining
33:20 Scale Barding Armor
34:53 Town Watch
35:26 Hand Cart
43:28 Imperial Age
41:23 Chain Barding Armor
Maxi24875
0:28 Loom
10:13 Feudal Age
10:42 Double-Bit Axe
20:22 Castle Age
21:39 Wheelbarrow
20:38 Crossbowman
22:09 Fletching
25:52 Bodkin Arrow
25:23 Elite Skirmisher
28:16 Thumb Ring
33:20 Hand Cart
36:14 Imperial Age
34:47 Hul'che Javelineers
34:52 Padded Archer Armor
35:14 Horse Collar
35:46 Bow Saw
37:01 Bracer
37:17 Leather Archer Armor
37:29 Ballistics
38:10 Chemistry
38:28 Conscription
38:13 Arbalester
42:37 Elite Plumed Archer
45:03 Ring Archer Armor
45:14 Hoardings
45:00 Town Watch
48:22 Town Patrol
Mateoarge
10:11 Feudal Age
15:36 Castle Age
14:23 Double-Bit Axe
19:25 Scale Barding Armor
23:54 Husbandry
29:02 Chain Barding Armor
29:38 Bloodlines
30:16 Horse Collar
31:52 Gold Mining
38:40 Imperial Age
36:49 Wheelbarrow
40:42 Cavalier
49:53 Corvinian Army
51:22 Plate Barding Armor
Connection lost

Rejoining the realm…

Still unreachable

The connection could not be restored.

Session expired

The server has moved on; the page needs a fresh start.